AoeStats
← HR Pinkman

Arena

506791234Analyzed
2v2 RM · 16d ago on Sep 15, 2026· 36m 26s· 4 players
Game mode
Random Map
Map size
Medium (4 player)
Population
200
Speed
Normal
Resources
Standard
Victory
Conquest
Starting age
Dark Age
Ending age
Imperial Age
RankedLock teamsTeams togetherTeam positionsShared explorationLock speedFull tech treeHidden civsTurbo modeCheats
Victory
Defeat
🇨🇱 Saracens · Chile
1825
+9
🇨🇱 Slavs · Chile
1386
+26
🇨🇴 Chinese · Colombia
1663
-18
🇺🇸 Byzantines · United States
1615
-17
HR Pinkman
11:17 Feudal Age
14:52 Castle Age
12:58 Horse Collar
14:01 Double-Bit Axe
15:06 Light Cavalry
21:35 Loom
21:47 Loom
22:35 Bow Saw
22:56 Loom
24:00 Wheelbarrow
23:56 Heavy Plow
25:04 Hand Cart
29:45 Imperial Age
27:02 Loom
27:56 Bloodlines
27:47 Husbandry
28:09 Gold Mining
29:20 Forging
29:04 Fletching
29:59 Scale Barding Armor
30:52 Gold Shaft Mining
31:29 Chemistry
31:06 Iron Casting
31:33 Masonry
32:46 Chain Barding Armor
33:27 Blast Furnace
32:49 Conscription
32:53 Siege Engineers
33:38 Elite Mameluke
35:13 Plate Barding Armor
35:07 Bodkin Arrow
35:34 Ballistics
J40 | Berto
10:29 Feudal Age
14:23 Castle Age
12:44 Horse Collar
14:23 Double-Bit Axe
15:34 Bow Saw
16:25 Heavy Plow
21:34 Wheelbarrow
21:22 Town Watch
23:19 Gold Mining
24:46 Hand Cart
25:32 Loom
25:48 Gold Mining
26:23 Stone Mining
29:22 Imperial Age
26:59 Scale Barding Armor
27:04 Forging
27:34 Gold Shaft Mining
28:36 Chain Barding Armor
29:26 Iron Casting
30:37 Conscription
29:43 Elite Boyar
31:03 Plate Barding Armor
30:04 Capped Ram
31:22 Bloodlines
31:12 Husbandry
32:56 Blast Furnace
31:58 Siege Ram
34:46 Hoardings
34:12 Onager
35:03 Fletching
35:45 Crop Rotation
35:32 Masonry
38:00 Two-Man Saw
MooSpecial
10:05 Feudal Age
9:14 Loom
11:06 Loom
14:39 Castle Age
13:32 Double-Bit Axe
15:41 Bow Saw
16:23 Squires
21:34 Stone Mining
23:21 Wheelbarrow
23:07 Horse Collar
24:01 Heavy Plow
29:01 Imperial Age
26:33 Fletching
26:44 Padded Archer Armor
26:07 Crossbowman
27:25 Hand Cart
27:20 Gold Mining
28:00 Bodkin Arrow
28:55 Leather Archer Armor
29:06 Ballistics
29:24 Gold Shaft Mining
29:03 Arbalester
30:46 Chemistry
30:49 Two-Man Saw
30:53 Bracer
31:42 Thumb Ring
32:04 Pikeman
32:45 Scale Mail Armor
33:15 Ring Archer Armor
34:00 Crop Rotation
32:54 Halberdier
34:46 Chain Mail Armor
34:41 Forging
36:32 Plate Mail Armor
The .Gocho
0:26 Loom
10:15 Feudal Age
14:29 Castle Age
12:42 Double-Bit Axe
13:37 Horse Collar
22:04 Bow Saw
22:41 Wheelbarrow
23:33 Heavy Plow
23:30 Stone Mining
23:37 Gold Mining
24:18 Squires
24:58 Gold Shaft Mining
25:17 Hand Cart
28:43 Imperial Age
26:18 Town Watch
27:13 Fletching
27:23 Padded Archer Armor
27:46 Ballistics
27:37 Masonry
28:47 Stone Shaft Mining
28:50 Bodkin Arrow
29:10 Leather Archer Armor
30:52 Chemistry
29:55 Bracer
29:23 Capped Ram
31:08 Architecture
30:17 Elite Chu Ko Nu
31:26 Conscription
32:51 Rocketry
33:17 Ring Archer Armor
33:49 Siege Ram
Connection lost

Rejoining the realm…

Still unreachable

The connection could not be restored.

Session expired

The server has moved on; the page needs a fresh start.